 Dungeon Crawl Stone Soup version 0.25.0-26-g0c896c7088 (webtiles) character file.

Game seed: 11472011518481082964

56 Danqa the Conjurer (level 3, -3/19 HPs)
             Began as a Deep Elf Conjurer on July 4, 2020.
             Slain by an ice beast (9 damage)
             ... on level 2 of the Dungeon.
             The game lasted 00:03:22 (1624 turns).

Danqa the Conjurer (Deep Elf Conjurer)              Turns: 1624, Time: 00:03:23

Health: -3/19      AC:  2    Str:  5    XL:     3   Next: 71%
Magic:  10/10      EV: 13    Int: 20    God:
Gold:   63         SH:  0    Dex: 15    Spells: 8/9 levels left

rFire    . . .     SeeInvis .   g - +0 dagger
rCold    . . .     Gourm    .   (no shield)
rNeg     . . .     Faith    .   a - +0 robe
rPois    .         Spirit   .   (no helmet)
rElec    .         Reflect  .   (no cloak)
rCorr    .         Harm     .   (no gloves)
MR       .....                  (no boots)
Stlth    ++........             (no amulet)
HPRegen  0.06/turn              (no ring)
MPRegen  0.12/turn              (no ring)

@: no status effects
A: no striking features
a: no special abilities


You were on level 2 of the Dungeon.
You were not hungry.

You visited 1 branch of the dungeon, and saw 2 of its levels.

You collected 63 gold pieces.

Inventory:

Hand Weapons
 g - a +0 dagger (weapon)
Armour
 a - a +0 robe (worn)
Scrolls
 b - 2 scrolls of teleportation {unknown}
 d - 2 scrolls of remove curse {unknown}
 e - 2 scrolls of identify {unknown}
 f - a scroll of random uselessness {unknown}
 i - a scroll of blinking {unknown}
 k - a scroll of fear {unknown}
 l - a scroll of fog {unknown}
Potions
 j - a potion of brilliance {unknown}
Comestibles
 c - a ration
 h - 6 chunks of flesh


   Skills:
 + Level 2.9 Dodging
 + Level 2.6 Stealth
 + Level 0.2 Unarmed Combat
 + Level 3.5 Spellcasting
 + Level 5.3 Conjurations


You had 8 spell levels left.
You knew the following spells:

 Your Spells              Type           Power        Failure   Level  Hunger
a - Magic Dart            Conj           ####         1%          1    None

Your spell library contained the following spells:

 Spells                   Type           Power        Failure   Level  Hunger
 Searing Ray              Conj           ####..       2%          2    ##.....
 Dazzling Flash           Conj/Hex       ##....       13%         3    ###....
 Fulminant Prism          Conj/Hex       ##........   41%         4    ####...
 Iskenderun's Mystic Bla  Conj/Tloc      ##......     41%         4    ####...


Dungeon Overview and Level Annotations

Branches:
Dungeon (2/15)

Altars:


Message History

You now have 63 gold pieces (gained 13).
Found 20 arrows.
An ice beast comes into view.
The helpless ice beast fails to defend itself.
You puncture the ice beast!
The ice beast is moderately wounded.
The ice beast closely misses you.
You closely miss the ice beast.
The ice beast is moderately wounded.
The ice beast barely misses you.
You closely miss the ice beast.
The ice beast is moderately wounded.
The ice beast hits you. The ice beast freezes you.
You hit the ice beast but do no damage.
The ice beast is moderately wounded.
The ice beast hits you but does no damage.
You hit the ice beast but do no damage.
The ice beast is moderately wounded.
The ice beast hits you. The ice beast freezes you!
You die...

......# #.# ####..#
....# ####<.###.# #.#.#
..........# #.#.#
####..##### #.#.# ##..#
#.#.#
##.รท.########.#.#
##.............#Y#
#.......######.#@#
#................##
..................(....
##.)...###.##########..
##...## #.# ##### #.#
#.# #.# #.#


You could see an ice beast.

Vanquished Creatures
  An adder (D:2)
  2 oozes (D:1)
  2 dart slugs
  3 leopard geckos
  2 bats (D:1)
  3 giant cockroaches
  4 goblins
  4 hobgoblins
  3 kobolds (D:1)
  3 frilled lizards (D:1)
  2 rats (D:1)
29 creatures vanquished.

Notes
Turn   | Place    | Note
-------+----------+-------------------------------------------
     0 | D:1      | Danqa the Deep Elf Conjurer began the quest for the Orb.
     0 | D:1      | Reached XP level 1. HP: 10/10 MP: 6/6
   123 | D:1      | Reached XP level 2. HP: 14/15 MP: 5/8
   371 | D:1      | Reached skill level 5 in Conjurations
   627 | D:1      | Reached XP level 3. HP: 19/19 MP: 9/9
  1618 | D:2      | Noticed an ice beast
  1624 | D:2      | Slain by an ice beast

Illustrated notes

Levels and vault maps discovered:
D:1:      saegor_arrival_simple_c, layout_basic
D:2:      layout_loops_ring

Skill      XL: |  1  2 |
---------------+-------+-----
Conjurations   | 5 |  5.3
Dodging        | |  2.9
Stealth        | |  2.6
Unarmed Combat | |  0.2
Spellcasting   | |  3.5

Action                   || total
-------------------------++-------
Melee: Unarmed           ||    19
       Dagger            ||    40
 Cast: Magic Dart        ||    51
 Stab: Sleeping          ||     3
  Eat: Chunk             ||     2
Armor: Robe              ||    11
Dodge: Dodged            ||    44
